 Dungeon Crawl Stone Soup version 0.21-a0-338-g36cf2fc (webtiles) character file.

882 nikopol the Chopper (level 8, 0/49 HPs)
             Began as a Gargoyle Berserker on Oct 3, 2017.
             Was a Priest of Trog.
             Slain by an orc priest
             ... wielding a +0 club
              (1 damage)
             ... on level 4 of the Dungeon.
             The game lasted 00:10:22 (2816 turns).

nikopol the Chopper (Gargoyle Berserker)            Turns: 2816, Time: 00:10:23

Health: 0/49       AC: 12    Str: 22    XL:     8   Next: 5%
Magic:  8/8        EV: 12    Int:  8    God:    Trog [***...]
Gold:   128        SH:  0    Dex: 10    Spells: 7/7 levels left

rFire    . . .     SeeInvis .   a - +0 hand axe
rCold    + . .     Gourm    .   (no shield)
rNeg     + . .     Faith    .   z - +0 ring mail (curse)
rPois    ∞         Spirit   .   B - +0 helmet
rElec    +         Reflect  .   (no cloak)
rCorr    .         Harm     .   (no gloves)
MR       .....                  (no boots)
Stlth    ..........             (no amulet)
HPRegen  0.16/turn              g - ring of loudness (curse)
MPRegen  0.11/turn              n - ring of protection from cold

@: berserk cooldown, slowed, very slow
A: negative energy resistance 1, electricity resistance, unbreathing,
petrification resistance, rot immunity, AC +5
a: Berserk, Trog's Hand, Burn Spellbooks, Renounce Religion


You were on level 4 of the Dungeon.
You worshipped Trog.
Trog was most pleased with you.
You were near starving.

You visited 1 branch of the dungeon, and saw 4 of its levels.

You collected 128 gold pieces.

Inventory:

Hand Weapons
 a - a +0 hand axe (weapon)
Missiles
 A - 20 arrows
Armour
 b - a +0 animal skin
 f - a +0 ring mail
 z - a cursed +0 ring mail (worn)
 B - a +0 helmet (worn)
Jewellery
 g - a cursed ring of loudness (left hand)
 i - an uncursed ring of positive energy
 n - a ring of protection from cold (right hand)
 p - a cursed -2 ring of protection {unknown}
 u - an uncursed ring of positive energy
Scrolls
 e - 2 scrolls of fear {unknown}
 l - 2 scrolls of amnesia {unknown}
 o - a scroll of random uselessness {unknown}
 q - a scroll of identify {unknown}
 r - a scroll of blinking {unknown}
 s - a scroll of remove curse {unknown}
 x - a scroll of teleportation {unknown}
 y - a scroll of enchant weapon {unknown}
 C - a scroll of magic mapping {unknown}
Potions
 d - 2 potions of curing {unknown}
 j - a potion of mutation {unknown}
 m - a potion of degeneration {unknown}
 v - a potion of flight {unknown}
 w - a potion of heal wounds {unknown}
Comestibles
 c - a bread ration
 h - 3 meat rations
 k - 2 fruits
 t - 2 chunks of flesh


   Skills:
 + Level 5.2 Fighting
 + Level 5.8 Axes
 + Level 5.0 Armour
 + Level 3.3 Dodging
 + Level 1.0 Stealth


You had 7 spell levels left.
You didn't know any spells.

Dungeon Overview and Level Annotations

Branches:
Dungeon (4/15)
 Temple: D:4-7

Altars:
Nemelex Xobeh
Okawaru
Zin


Innate Abilities, Weirdness & Mutations

You are resistant to torment.
Your stone body is resilient. (AC +5)
You are immune to poison.
You resist negative energy. (rN+)
You are resistant to electric shocks. (rElec)
You can survive without breathing.
You are immune to petrification.
You are immune to rotting.


Message History

Trog appreciates your killing of a magic user.
Your Armour skill increases to level 5!
You are no longer berserk.
You are exhausted.
You feel yourself slow down.
The orc priest calls down the wrath of Beogh upon you.
Pain shoots through your body!
* * * LOW HITPOINT WARNING * * *
The orc priest invokes the aid of Beogh against you.
Pain shoots through your body!
* * * LOW HITPOINT WARNING * * *
Items here: )) [[ ††† You hit the orc priest.
The orc priest is moderately wounded.
The orc priest hits you but does no damage.
The leopard gecko skeleton bites you but does no damage.
You closely miss the orc priest.
The orc priest is moderately wounded.
You hit the leopard gecko skeleton. The orc priest hits you with a club.
You die...

#..P.....#.
####.....8...
.........P..### .....
#?......# ...
......#.#...#.# .#..
.......#.#...#.# #....
........o...r..#P.....
.......#o####..#P..P..
.......#@# ##.#..PP..
.......#Z# #.rr......
.......))####Z.s.#.#.#
...........h)s...#
#####...####...##
..#......o...# #####
#.#..........# ..
#...####.#....<.....#..
..
#......#.#.............


You could see an orc priest, an orc and a leopard gecko skeleton.

Vanquished Creatures
  Sigmund (D:2)
  An ogre (D:4)
  A scorpion (D:4)
  A howler monkey (D:4)
  A bullfrog zombie (D:4)
  2 hounds (D:4)
  8 orc wizards (D:4)
  Jessica (D:2)
  A killer bee zombie (D:2)
  2 hound skeletons (D:4)
  A hound zombie (D:4)
  4 adders
  An ooze (D:2)
  An adder skeleton (D:4)
  2 worms
  3 dart slugs
  3 leopard geckos
  10 orcs
  2 giant cockroaches (D:4)
  11 goblins
  10 hobgoblins
  5 jackals
  2 quokkas (D:4)
  11 bats
  4 frilled lizards
  A jackal skeleton (D:4)
  3 kobolds
  9 rats
102 creatures vanquished.

Notes
Turn   | Place    | Note
-------+----------+-------------------------------------------
     0 | D:1      | nikopol the Gargoyle Berserker began the quest for the Orb.
     0 | D:1      | Reached XP level 1. HP: 14/14 MP: 1/1
    90 | D:1      | Reached XP level 2. HP: 17/19 MP: 2/2
   434 | D:1      | Reached XP level 3. HP: 18/23 MP: 3/3
  1173 | D:2      | Found a glowing silver altar of Zin.
  1224 | D:2      | Reached ** piety under Trog
  1255 | D:2      | Noticed Jessica
  1263 | D:2      | Killed Jessica
  1263 | D:2      | Reached XP level 4. HP: 24/29 MP: 4/4
  1609 | D:2      | Found an iron altar of Okawaru.
  1641 | D:2      | Reached XP level 5. HP: 33/33 MP: 5/5
  1649 | D:2      | Noticed Sigmund
  1667 | D:2      | Killed Sigmund
  1667 | D:2      | Reached skill level 1 in Stealth
  1667 | D:2      | Reached XP level 6. HP: 25/39 MP: 6/6
  2033 | D:3      | Found a sparkling altar of Nemelex Xobeh.
  2723 | D:4      | Reached XP level 7. HP: 43/44 MP: 7/7
  2788 | D:4      | Reached skill level 5 in Axes
  2795 | D:4      | Reached *** piety under Trog
  2796 | D:4      | Reached skill level 5 in Fighting
  2810 | D:4      | Reached XP level 8. HP: 5/49 MP: 8/8
  2813 | D:4      | Reached skill level 5 in Armour
  2814 | D:4      | HP: 1/49 [orc priest/nerve-wracking pain (2)]
  2816 | D:4      | Slain by an orc priest

Vault maps used:
D:1:      lightli_arrival_boilingwater, minivault_26
D:2:      lemuel_coloured_pillars_altar, hangedman_abyss_or_decor_stabs,
          okawaru_gym_becter, uniq_sigmund, uniq_jessica
D:3:      corexii_shack_village, nemelex_xobeh_ov_fountains_minmay, minivault_23
D:4:      grunt_temple_overflow_diamond, serial_undead, serial_undead_d,
          serial_undead_e, serial_undead_b, serial_undead_b

Skill      XL: |  1  2  3  4  5  6  7  8 |
---------------+-------------------------+-----
Axes           | 3 4 5 |  5.8
Dodging        | 2 3 |  3.3
Fighting       | 4 5 |  5.2
Armour         | 3 4 5 |  5.0
Stealth        | 1 |  1.0

Action                   |  1- 3 |  4- 6 |  7- 9 || total
-------------------------+-------+-------+-------++-------
Melee: Hand axe          |   129 |   134 |    51 ||   314
Invok: Berserk           |       |     2 |     1 ||     3
       Trog's Hand       |       |       |     1 ||     1
  Eat: Chunk             |     1 |     6 |     1 ||     8
Armor: Animal skin       |    39 |       |       ||    39
       Ring mail         |    20 |    70 |    61 ||   151
Dodge: Dodged            |   102 |   104 |    55 ||   261

Table legend:
 A = Spawn XP
 B = Non-spawn XP
 C = Spawn XP percentage of total XP
 D = Spawn monster count
 E = Non-spawn monster count
 F = Spawn count percentage of total count
 G = Total turns spent on level
                    A         B        C        D         E        F      G
               +---------+---------+-------+---------+---------+-------+---------
         Total |       0 |    1261 |   0.0 |       0 |     102 |   0.0 |  2816
               +---------+---------+-------+---------+---------+-------+---------
           D:1 |       0 |      41 |   0.0 |       0 |      22 |   0.0 |   973
           D:2 |       0 |     354 |   0.0 |       0 |      27 |   0.0 |  1018
           D:3 |       0 |      54 |   0.0 |       0 |      20 |   0.0 |   677
           D:4 |       0 |     812 |   0.0 |       0 |      33 |   0.0 |   148
               +---------+---------+-------+---------+---------+-------+---------
